 Dungeon Crawl Stone Soup version 0.30-a0-862-g1aabd4f9c5 (webtiles) character file.

Game seed: 13194326043016424915

730 Rocko1345 the Cudgeller (level 7, -3/54 HPs)
             Began as a Demonspawn Chaos Knight on Mar 9, 2023.
             Was a Plaything of Xom.
             Killed by nerve-wracking pain
             ... invoked by a shadow imp
             ... summoned by Xom
              (7 damage)
             ... on level 4 of the Dungeon.
             The game lasted 00:17:28 (4327 turns).

Rocko1345 the Cudgeller (Demonspawn Chaos Knight)   Turns: 4327, Time: 00:17:28

Health: -3/54      AC:  6    Str: 12    XL:     7   Next: 44%
Magic:  0/7        EV: 13    Int: 18    God:    Xom [....*.]
Gold:   166        SH:  7    Dex: 12    Spells: 6/6 levels left

rFire   . . .      SeeInvis .    v - +6 short sword "Hydrabane" {drain, Int+2}
rCold   . . .      Faith    .    x - +0 kite shield
rNeg    . . .      Spirit   +    b - +2 leather armour
rPois   .          Reflect  .    (helmet restricted)
rElec   .          Rampage  .    B - +0 cloak
rCorr   .                        (no gloves)
Will    .....                    (no boots)
Stlth   ++                       C - amulet of guardian spirit
HPRegen 0.29/turn                (no ring)
MPRegen 0.10/turn                (no ring)

@: no status effects
A: antennae 1, repulsion field 2
a: Renounce Religion


You were on level 4 of the Dungeon.
You worshipped Xom.
You were a beloved toy of Xom.
You visited 1 branch of the dungeon, and saw 4 of its levels.

You collected 166 gold pieces.

Inventory:

Hand Weapons
 a - a +0 falchion of chaos
 d - a +0 broad axe
 f - a +4 whip
 s - a +2 dagger of speed
 v - the +6 short sword "Hydrabane" (weapon) {drain, Int+2}
   (You found it on level 3 of the Dungeon)

   Int:       It affects your intelligence (+2).
Missiles
 p - 4 poisoned darts
Armour
 b - a +2 leather armour (worn)
 w - an orb of wrath
 x - a +0 kite shield (worn)
 B - a +0 cloak (worn)
Jewellery
 e - an amulet of faith
 o - an amulet of magic regeneration
 C - an amulet of guardian spirit (around neck)
Wands
 g - a wand of charming (10)
 y - a wand of polymorph (8)
Scrolls
 h - a scroll of immolation
 l - 2 scrolls of blinking
 m - 2 scrolls of teleportation
 z - a scroll of identify
 A - a scroll of amnesia
Potions
 i - a potion of berserk rage {unknown}
 j - 2 potions of flight
 k - a potion of might {unknown}
 q - a potion of mutation {unknown}
 r - 2 potions of degeneration {unknown}
 t - a potion of invisibility {unknown}
 u - a potion of cancellation {unknown}
Miscellaneous
 c - a piece from Xom's chessboard (11/15) (quivered)


   Skills:
 + Level 4.3 Fighting
 + Level 0.2(1.7) Short Blades
 - Level 2.8 Long Blades
 * Level 4.9 Maces & Flails
 + Level 2.7 Armour
 + Level 2.4 Dodging
 + Level 2.2 Stealth
 + Level 1.7 Shields
 + Level 0.3 Evocations


You had 6 spell levels left.
You didn't know any spells.
Your spell library contained the following spells:

 Spells                   Type           Power      Damage    Failure   Level
 Shock                    Conj/Air       0%         1d3       67%         1
 Ensorcelled Hibernation  Hex/Ice        0%         N/A       82%         2
 Passwall                 Tmut/Erth      0%         N/A       82%         2
 Mephitic Cloud           Conj/Pois/Air  0%         N/A       96%         3
 Swiftness                Air            0%         N/A       96%         3
 Iskenderun's Mystic Bla  Conj/Tloc      0%         2d3       100%        4
 Irradiate                Conj/Tmut      0%         3d11      100%        5


Dungeon Overview and Level Annotations

Branches:
Dungeon (4/15)
 Temple: D:4-7

Altars:
Cheibriados
Dithmenos
Fedhas
Kikubaaqudgha
Uskayaw

Shops:
D:1 ==(


Innate Abilities, Weirdness & Mutations

You have a pair of small antennae on your head.
You are surrounded by a moderate repulsion field. (EV +3)


Message History

The ufetubus hits you but does no damage. x3
You block the ufetubus's attack. The crimson imp closely misses you.
The shadow imp hits you but does no damage.
The iron imp hits you.
* * * LOW HITPOINT WARNING * * *
You feel better. You block the ufetubus's attack. x2
The crimson imp closely misses you. The shadow imp barely misses you.
The ufetubus hits you. The ufetubus barely misses you.
The iron imp barely misses you.
You make a move on Xom's chessboard...
The shadow imp resists with significant effort.
The ufetubus completely misses you. The ufetubus barely misses you.
The crimson imp blinks!
The shadow imp gestures at you. Pain shoots through your body!
* * * LOW HITPOINT WARNING * * *
You hit the iron imp.
The iron imp is almost dead.
The ufetubus hits you but does no damage.
The ufetubus barely misses you. The iron imp hits you.
* * * LOW HITPOINT WARNING * * *
You block the shadow imp's attack. The ufetubus barely misses you.
The ufetubus hits you but does no damage.
You barely miss the shadow imp. You block the ufetubus's attack. x2
The shadow imp closely misses you. The iron imp hits you.
* * * LOW HITPOINT WARNING * * *
You feel better.
The ufetubus hits you but does no damage.
The ufetubus barely misses you. The shadow imp hits you.
* * * LOW HITPOINT WARNING * * *
The ufetubus hits you.
* * * LOW HITPOINT WARNING * * *
The ufetubus barely misses you.
The iron imp hits you but does no damage.
You make a move on Xom's chessboard...
The ufetubus is moving more slowly.
You block the ufetubus's attack. The ufetubus completely misses you.
The shadow imp shouts, "Remove thy stench, thou artless moldwarp yak-dropping!"
The shadow imp gestures at you. Pain shoots through your body!
You die...

........................#.....#..
.#.#.#.#.#.#.#.#.#.#.#..#....)#..
.....#.......#.......#..#.....###
######################..###.....#
+##....#.....#............#.....#
.......#.....#............#.....#
......†'.....#............#.....#
.......#.....'.555........#.....#
.......#.....#..@.5.......#.....#
########.....##############.....#
####### #######


You could see an iron imp (summoned), a crimson imp (summoned), a shadow imp
(summoned) and an ufetubus (summoned, petrifying).

Vanquished Creatures
  A water moccasin (D:4)
  A black bear (D:4)
  A lemure (D:4)
  4 scorpions
  A sleepcap (D:4)
  An iguana (D:4)
  4 adders
  3 gnolls (D:2)
  A worm (D:4)
  3 dart slugs
  5 orcs
  5 ball pythons
  7 bats
  11 endoplasms
  4 giant cockroaches
  7 goblins
  8 hobgoblins
  8 jackals
  6 kobolds
  2 quokkas
  A frilled lizard (D:1)
  3 rats
87 creatures vanquished.

Vanquished Creatures (others)
  A gnoll (D:2)
1 creature vanquished.

Grand Total: 88 creatures vanquished

Notes
Turn   | Place    | Note
-------+----------+-------------------------------------------
     0 | D:1      | Rocko1345 the Demonspawn Chaos Knight began the quest for
                  | the Orb.
     0 | D:1      | Reached XP level 1. HP: 18/18 MP: 1/1
    66 | D:1      | Found Gilaod's Jewellery Shoppe.
   116 | D:1      | Found Quylom's Antique Weapon Emporium.
   146 | D:1      | Gained mutation: You are surrounded by a mild repulsion
                  | field. (EV +2) [demonic ancestry]
   146 | D:1      | Reached XP level 2. HP: 13/24 MP: 2/2
   190 | D:1      | Reached skill level 1 in Dodging
   331 | D:1      | Found Roosodio's Jewellery Boutique.
   337 | D:1      | Reached skill level 1 in Maces & Flails
   812 | D:2      | Found a faded altar of an unknown god.
   993 | D:2      | XOM is BORED!
   993 | D:2      | XOM: silly message
   997 | D:2      | Reached XP level 3. HP: 23/29 MP: 3/3
  1296 | D:2      | XOM: potion effect (brilliance)
  1318 | D:2      | XOM: potion effect (invisibility)
  1430 | D:2      | Gained mutation: You have a pair of small antennae on your
                  | head. [demonic ancestry]
  1430 | D:2      | Reached XP level 4. HP: 13/36 MP: 4/4
  2047 | D:3      | XOM: silly message
  2083 | D:3      | Identified the +6 short sword "Hydrabane" {drain, Int+2}
  2085 | D:3      | Noticed a scorpion
  2203 | D:3      | Found a snail-covered altar of Cheibriados.
  2252 | D:3      | XOM is BORED!
  2252 | D:3      | XOM: silly message
  2334 | D:3      | Found an ancient bone altar of Kikubaaqudgha.
  2361 | D:3      | Found a hide-covered altar of Uskayaw.
  2371 | D:3      | XOM: divination: magic mapping
  2408 | D:3      | Killed a scorpion
  2409 | D:3      | Reached skill level 1 in Stealth
  2409 | D:3      | Reached XP level 5. HP: 26/42 MP: 5/5
  2446 | D:3      | XOM: silly message
  2499 | D:4      | Noticed a water moccasin
  2621 | D:4      | Found a shadowy altar of Dithmenos.
  2756 | D:4      | Noticed an ogre
  2756 | D:4      | XOM: 3-stop teleportation journey
  2763 | D:4      | Found a blossoming altar of Fedhas.
  2898 | D:4      | Noticed Grinder
  2904 | D:4      | Paralysed by Grinder for 2 turns
  2905 | D:4      | XOM: cast spell 'Summon Small Mammal'
  2912 | D:4      | Grinder changed into Grinder the lemure
  2912 | D:4      | Noticed Grinder
  2919 | D:4      | Killed Grinder the lemure
  2920 | D:4      | Reached XP level 6. HP: 22/48 MP: 6/6
  3521 | D:4      | XOM: enchant monster (good)
  3577 | D:4      | XOM: god gift: scroll of blinking
  3666 | D:4      | Reached skill level 1 in Shields
  3723 | D:4      | XOM: polymorph ogre -> black bear
  3732 | D:4      | Gained mutation: You are surrounded by a moderate repulsion
                  | field. (EV +3) [demonic ancestry]
  3732 | D:4      | Reached XP level 7. HP: 44/54 MP: 7/7
  3807 | D:4      | Got the Elucidation of Wounds
  3890 | D:4      | XOM: enchant monster (bad)
  4306 | D:4      | XOM: summons 4 hostile demons
  4327 | D:4      | Killed from afar by a shadow imp

Illustrated notes

Levels and vault maps discovered:
D:1:      amcnicky_arrival_feature_with_door, layout_basic, serial_shops,
          nicolae_shop_hallway_stairs, shop, nicolae_lakefront_shop
D:2:      minmay_chambers_of_ones, layout_loops_ring,
          ebering_ecumenical_altar_box
D:3:      layout_rooms, old_standard_altar, lemuel_crystal_altar,
          lemuel_crystal_altar, chequers_serial_rivers_small_b
D:4:      layout_gridville, mainiacjoe_overflow_24_doors,
          nicolae_overflow_crystal_walls, hangedman_minor_gate_pass,
          uniq_grinder

Skill      XL: |  1  2  3  4  5  6 |
---------------+-------------------+-----
Dodging        | 1 2 |  2.4
Maces & Flails | 1 2 3 4 |  4.9
Armour         | 2 |  2.7
Stealth        | 1 2 |  2.2
Fighting       | 4 |  4.3
Shields        | 1 |  1.7
Short Blades   | |  0.2
Long Blades    | |  2.8
Evocations     | |  0.3

Action                     |  1- 3 |  4- 6 |  7- 9 || total
---------------------------+-------+-------+-------++-------
  Melee: Whip              |    79 |   217 |       ||   296
         Falchion          |     1 |       |       ||     1
         Punch             |     1 |     2 |       ||     3
         Short sword       |       |     5 |    38 ||    43
  Evoke: Wand              |     4 |     1 |       ||     5
         Piece from Xom's  |     2 |     2 |     5 ||     9
    Use: Scroll            |     5 |     7 |       ||    12
         Potion            |       |     2 |     3 ||     5
   Stab: Invisible         |     2 |       |       ||     2
         Petrified         |       |     8 |       ||     8
         Petrifying        |       |     1 |       ||     1
         Sleeping          |       |     1 |       ||     1
 Armour: Leather armour    |    24 |    85 |    29 ||   138
  Dodge: Dodged            |    69 |   153 |    62 ||   284
  Block: Kite shield       |       |    42 |    34 ||    76

Table legend: (Time is in decaauts)
 A = Elapsed time spent in this place.
 B = Non-inter-level travel time spent in this place.
 C = Inter-level travel time spent in this place.
 D = Time resting spent in this place.
 E = Time spent auto-exploring this place.
 F = Levels seen in this place.
 G = Mean time per level.
                   A        B        C        D        E       F      G
               +--------+--------+--------+--------+--------+-----+--------+
         Total |   4350 |   4160 |    190 |    874 |   2056 |   4 | 1087.5 |
       Dungeon |   4350 |   4160 |    190 |    874 |   2056 |   4 | 1087.5 |
               +--------+--------+--------+--------+--------+-----+--------+

Top non-repeatable levels by time:
     D:4: 1816 daAuts
     D:2: 1167 daAuts
     D:1: 802 daAuts
     D:3: 563 daAuts
